 Dungeon Crawl Stone Soup version 0.29.1-13-g9f3cf754e1 (webtiles) character file.

Game seed: 210583694495267988

10 flickminster the Grasshopper (level 2, 0/15 HPs)
             Began as a Spriggan Warper on Feb 1, 2023.
             Frozen to death by an endoplasm (5 damage)
             ... on level 1 of the Dungeon.
             The game lasted 00:03:00 (629 turns).

flickminster the Grasshopper (Spriggan Warper)       Turns: 629, Time: 00:03:00

Health: 0/15       AC:  2    Str:  7    XL:     2   Next: 10%
Magic:  6/6        EV: 17    Int: 14    God:
Gold:   14         SH:  0    Dex: 14    Spells: 6/6 levels left

rFire   . . .      SeeInvis +   a - +0 short sword
rCold   . . .      Faith    .   (no shield)
rNeg    . . .      Spirit   .   b - +0 robe
rPois   .          Reflect  .   (helmet restricted)
rElec   .          Harm     .   (no cloak)
rCorr   .          Rampage  .   (gloves unavailable)
Will    .....                   (boots unavailable)
Stlth   +.........              (no amulet)
HPRegen 0.05/turn               (no ring)
MPRegen 0.10/turn               (no ring)

@: very quick
A: very small, no large weapons, unfitting armour, see invisible, speed 3
a: no special abilities


You were on level 1 of the Dungeon.
You visited 1 branch of the dungeon, and saw 1 of its levels.

You collected 14 gold pieces.

Inventory:

Hand Weapons
 a - a +0 short sword (weapon)
Missiles
 d - 7 boomerangs of dispersal (quivered)
Armour
 b - a +0 robe (worn)
Scrolls
 f - a scroll of identify {unknown}
Potions
 e - a potion of degeneration {unknown}


   Skills:
 + Level 1.7 Fighting
 + Level 2.3 Short Blades
 + Level 1.1 Throwing
 + Level 3.3 Dodging
 + Level 2.8 Spellcasting
 + Level 4.5 Translocations
 + Level 0.6 Evocations


You had 6 spell levels left.
You didn't know any spells.
Your spell library contained the following spells:

 Spells                   Type           Power      Damage    Failure   Level
 Blink                    Tloc           28%        N/A       4%          2
 Gell's Gravitas          Tloc           14%        N/A       10%         3
 Lesser Beckoning         Tloc           14%        N/A       10%         3
 Teleport Other           Tloc           14%        N/A       10%         3
 Manifold Assault         Tloc           14%        N/A       67%         5


Dungeon Overview and Level Annotations

Branches:
Dungeon (1/15)

Altars:


Innate Abilities, Weirdness & Mutations

You are very small and have problems with some larger weapons.
You are too small for most types of armour.
You have supernaturally acute eyesight. (SInv)
You cover ground extremely quickly. (Speed+++)


Message History

The kobold is severely wounded.
The rat closely misses you. The kobold closely misses you.
A frilled lizard comes into view.
The frilled lizard hisses angrily.
You hit the kobold.
You kill the kobold!
The rat bites you but does no damage.
You hit the rat.
The rat is heavily wounded.
The rat completely misses you.
You barely miss the rat.
The rat is heavily wounded.
The endoplasm freezes you.
You are frozen.
The rat misses you.
The frilled lizard unfolds its giant frill.
You closely miss the rat.
The rat is heavily wounded.
The rat bites you but does no damage. The endoplasm freezes you.
You are frozen.
You closely miss the rat.
The rat is heavily wounded.
The endoplasm freezes you.
You are frozen.
* * * LOW HITPOINT WARNING * * *
The rat barely misses you.
The frilled lizard hisses.
You hit the rat but do no damage. The rat bites you but does no damage.
You closely miss the rat. The rat closely misses you.
You hit the rat.
You kill the rat!
You hit the frilled lizard.
You kill the frilled lizard!
The endoplasm closely misses you.
You see here a frilled lizard corpse.
You hit the endoplasm.
The endoplasm is moderately wounded.
The endoplasm freezes you.
You are frozen.
You die...

.....##..#)..##...
#....
.......#.#l........
####.
..........J........
#.
........l######....
#. .###.##.## ...
#. .. #.# ## #. #
##.## #. ##..J## ##
####.###@######
#...## ##.....#
##### # #..##
#.).#.#######....
#.#..#
#.............###
#....##
#...#.#########
#.#.#.## ##...>.#
#.#....###.###### .
####....## ##
#....#


You could see an endoplasm.

Vanquished Creatures
  2 endoplasms (D:1)
  2 jackals (D:1)
  2 bats (D:1)
  2 frilled lizards (D:1)
  A kobold (D:1)
  2 rats (D:1)
11 creatures vanquished.

Notes
Turn   | Place    | Note
-------+----------+-------------------------------------------
     0 | D:1      | flickminster the Spriggan Warper began the quest for the
                  | Orb.
     0 | D:1      | Reached XP level 1. HP: 10/10 MP: 5/5
   490 | D:1      | Reached XP level 2. HP: 11/15 MP: 6/6
   629 | D:1      | Frozen to death by an endoplasm

Illustrated notes

Levels and vault maps discovered:
D:1:      eino_arrival_cavern_a, layout_loops_cross

Action                   || total
-------------------------++-------
Melee: Short sword       ||    51
  Use: Scroll            ||     1
 Stab: Sleeping          ||     1
Armor: Robe              ||     8
Dodge: Dodged            ||    39
